 Dungeon Crawl Stone Soup version 0.27-a0-538-g15ff5c5295 (webtiles) character file.

Game seed: 17422721080096192576

2043 HoaS the Grappler (level 8, -6/67 HPs)
             Began as a Demigod Gladiator on Mar 6, 2021.
             Splashed by a brown ugly thing's acid (9 damage)
             ... on level 8 of the Dungeon.
             The game lasted 00:18:18 (9408 turns).

HoaS the Grappler (Demigod Gladiator)               Turns: 9408, Time: 00:18:19

Health: -6/67      AC: 10    Str: 23    XL:     8   Next: 74%
Magic:  10/10      EV:  9    Int: 10    God:
Gold:   569        SH:  0    Dex: 18    Spells: 7/7 levels left

rFire    . . .     SeeInvis .     - Unarmed
rCold    . . .     Faith    .   (no shield)
rNeg     + . .     Spirit   .   t - +0 plate armour
rPois    +         Reflect  .   a - +2 helmet
rElec    .         Harm     .   (no cloak)
rCorr    .         Rampage  .   s - +2 pair of gloves {Dex+3}
Will     .....                  (no boots)
Stlth    ..........             (no amulet)
HPRegen  0.21/turn              A - ring of poison resistance
MPRegen  0.12/turn              r - ring of positive energy

@: mighty, corroded
A: high mp 1, forlorn
a: no special abilities


You were on level 8 of the Dungeon.
You visited 1 branch of the dungeon, and saw 8 of its levels.
You also visited: Sewer and Ossuary.

You collected 569 gold pieces.

Inventory:

Missiles
 d - 18 boomerangs (quivered)
 l - 15 poisoned darts
 n - 5 atropa-tipped darts
Armour
 a - a +2 helmet (worn)
 s - a +2 pair of gloves of dexterity (worn)
 t - a +0 plate armour (worn)
Jewellery
 g - a ring of see invisible
 r - a ring of positive energy (right hand)
 u - a ring of protection from cold
 A - a ring of poison resistance (left hand)
Wands
 e - a wand of random effects (22)
 j - a wand of polymorph (10)
 y - a wand of paralysis (7)
Scrolls
 h - 3 scrolls of magic mapping
 k - 2 scrolls of teleportation
 p - 5 scrolls of blinking
 x - a scroll of fog
Potions
 b - 2 potions of flight
 f - 6 potions of heal wounds
 i - a potion of might
 m - 9 potions of curing
 o - 4 potions of lignification
 q - 3 potions of resistance
 v - a potion of haste {unknown}
 w - a potion of mutation {unknown}
 z - a potion of cancellation {unknown}


   Skills:
 + Level 4.7 Fighting
 - Level 1.7 Throwing
 + Level 4.7 Armour
 + Level 4.7 Dodging
 * Level 8.1 Unarmed Combat


You had 7 spell levels left.
You didn't know any spells.
Your spell library contained the following spells:

 Spells                   Type           Power      Damage    Failure   Level
 Beastly Appendage        Tmut           0%         N/A       100%        1
 Wereblood                Tmut           0%         N/A       100%        2
 Spider Form              Tmut/Pois      0%         N/A       100%        3
 Ice Form                 Ice/Tmut       0%         N/A       100%        4
 Blade Hands              Tmut           0%         N/A       100%        5


Dungeon Overview and Level Annotations

Branches:
Dungeon (8/15)             Temple (0/1) D:6           Sewer (visited)
Ossuary (visited)
   Lair: D:8-11


Innate Abilities, Weirdness & Mutations

Your attributes grow dramatically as you level up.
You have an increased reservoir of magic. (+10% MP)
You shall have no god before yourself.


Message History

You are splashed with acid!
You hit the brown ugly thing.
The brown ugly thing is lightly wounded.
The brown ugly thing claws you but does no damage.
You hit the brown ugly thing.
The brown ugly thing is moderately wounded.
The brown ugly thing closely misses you.
You completely miss the brown ugly thing.
The brown ugly thing is moderately wounded.
The brown ugly thing claws you but does no damage.
You completely miss the brown ugly thing.
Your punch misses the brown ugly thing.
The brown ugly thing is moderately wounded.
The brown ugly thing claws you but does no damage.
You punch the brown ugly thing!
The brown ugly thing is moderately wounded.
The brown ugly thing claws you!
You are splashed with acid!
You pummel the brown ugly thing!!
The brown ugly thing is heavily wounded.
The brown ugly thing barely misses you.
You punch the brown ugly thing!
The brown ugly thing is severely wounded.
You punch the brown ugly thing!
The brown ugly thing is almost dead.
The brown ugly thing claws you.
You are splashed with acid!
You feel much better. The brown ugly thing claws you! The acid corrodes you!
You are splashed with acid!
You hit the brown ugly thing but do no damage.
The brown ugly thing is almost dead.
The brown ugly thing barely misses you.
You barely miss the brown ugly thing.
The brown ugly thing is almost dead.
The brown ugly thing claws you.
You are splashed with acid!
* * * LOW HITPOINT WARNING * * *
You hit the brown ugly thing.
The brown ugly thing is almost dead.
The brown ugly thing claws you!
* * * LOW HITPOINT WARNING * * *
You are splashed with acid!
You die...

###.##### ##... #[......#
###. ###.......# #.
#.........# ##'
#.........# ##..
#.........# ##...
#.........###..<.
...#######.........##....)
..("....u@..........+.)...
...###.###........###.....
#. #####..### ##.... #.
.## ##... #. .# ##.. #.
##+ .. ##


You could see a brown ugly thing.

Vanquished Creatures
  Menkaure (D:5)
  An orc warrior (D:6)
  2 ogres
  A centaur (D:7)
  A kobold brigand (Sewer)
  A gnoll sergeant (D:7)
  A bullfrog (D:8)
  A scorpion (D:5)
  A jelly (D:6)
  8 wights
  A quasit (D:5)
  2 orc priests (D:5)
  A gnoll shaman (D:7)
  3 hounds
  A centaur skeleton (D:5)
  Jessica (D:2)
  3 orc wizards
  3 worker ants
  8 mummies (Ossuary)
  12 gnolls
  7 adders
  9 river rats (Sewer)
  2 shadow imps
  A white imp (D:7)
  3 oozes
  2 adder skeletons
  7 worms
  A dart slug (D:3)
  6 leopard geckos
  17 orcs
  4 ball pythons (Sewer)
  3 giant cockroaches
  2 gnoll zombies (Ossuary)
  2 goblins
  4 hobgoblins
  6 jackals
  24 kobolds
  5 quokkas
  6 bats
  2 frilled lizards
  2 hobgoblin zombies (Ossuary)
  2 kobold zombies (Ossuary)
  A leopard gecko skeleton (D:3)
  A leopard gecko zombie (D:3)
  2 orc zombies (Ossuary)
  24 rats
198 creatures vanquished.

Notes
Turn   | Place    | Note
-------+----------+-------------------------------------------
     0 | D:1      | HoaS the Demigod Gladiator began the quest for the Orb.
     0 | D:1      | Reached XP level 1. HP: 17/17 MP: 3/3
   193 | D:1      | Reached skill level 3 in Unarmed Combat
   380 | D:1      | Reached XP level 2. HP: 23/24 MP: 4/4
  1023 | D:2      | Noticed Jessica
  1034 | D:2      | Killed Jessica
  1035 | D:2      | Reached skill level 4 in Unarmed Combat
  1035 | D:2      | Reached XP level 3. HP: 24/29 MP: 5/5
  1633 | D:3      | Found a glowing drain.
  1735 | Sewer    | Entered a sewer
  1986 | Sewer    | Reached XP level 4. HP: 36/36 MP: 6/6
  2084 | Sewer    | Reached skill level 5 in Unarmed Combat
  2317 | Sewer    | Reached XP level 5. HP: 23/41 MP: 7/7
  2820 | Sewer    | Reached skill level 6 in Unarmed Combat
  3854 | D:4      | Noticed an ogre
  3864 | D:4      | Killed an ogre
  3865 | D:4      | Reached skill level 1 in Armour
  3865 | D:4      | Reached XP level 6. HP: 50/50 MP: 8/8
  4315 | D:5      | Entered Level 5 of the Dungeon
  4973 | D:5      | Noticed Menkaure
  4985 | D:5      | Killed Menkaure
  4986 | D:5      | Reached XP level 7. HP: 30/57 MP: 9/9
  6147 | D:6      | Found a staircase to the Ecumenical Temple.
  6594 | D:6      | Reached skill level 7 in Unarmed Combat
  6927 | D:6      | Reached XP level 8. HP: 66/66 MP: 10/10
  7374 | D:7      | Found a sand-covered staircase.
  7386 | Ossuary  | Entered an ossuary
  9213 | D:7      | Reached skill level 8 in Unarmed Combat
  9391 | D:8      | Noticed a brown ugly thing
  9408 | D:8      | HP: 3/67 [brown ugly thing (10)]
  9408 | D:8      | Splashed by a brown ugly thing's acid

Illustrated notes

Levels and vault maps discovered:
D:1:      heliophobic_arrival_battle_scene, layout_basic,
          minmay_misc_feat_ornament, minmay_misc_feat_columns
D:2:      layout_loops_ring, gammafunk_temple_overflow_claw, uniq_jessica
D:3:      layout_loops_ring, cheibrodos_sewer_entry_bend,
          chequers_serial_rivers_room_a, minmay_misc_feat_pillars
D:4:      layout_cave_pools, overflow_temple_1_default
D:5:      layout_loops_ring, uniq_menkaure
D:6:      layout_basic, minmay_temple_entry_butterflies,
          serial_co_window_serial, co_window_paths_a,
          co_window_of_opportunity_a, co_window_cross_1, co_window_corner_a,
          co_window_corner_a, co_window_corner_b, co_window_of_opportunity_c,
          co_window_unsneaky_path_a, co_window_cross_2, co_window_paths_c,
          co_window_unsneaky_path_d, co_window_4corner_b, co_window_paths_d,
          glass_columns_c, glass_columns_a, glass_columns_b,
          minmay_misc_feat_room
D:7:      layout_loops_ring, lemuel_blue_sif_altar, enter_ossuary_1
D:8:      layout_loops_corners, st_stairs_9, uniq_grum, uniq_psyche,
          uniq_prince_ribbit1

Skill      XL: |  1  2  3  4  5  6  7  8 |
---------------+-------------------------+-----
Unarmed Combat | 3 4 5 6 7 8 |  8.1
Fighting       | 2 3 4 |  4.7
Armour         | 1 3 4 |  4.7
Dodging        | 3 4 |  4.7
Throwing       | |  1.7

Action                   |  1- 3 |  4- 6 |  7- 9 || total
-------------------------+-------+-------+-------++-------
Melee: Unarmed           |   168 |   292 |   351 ||   811
       Punch             |     5 |    10 |    22 ||    37
Throw: Boomerang         |       |     8 |     4 ||    12
       Throwing net      |       |     1 |     4 ||     5
Evoke: Wand              |       |     1 |       ||     1
  Use: Scroll            |     8 |     7 |     5 ||    20
       Potion            |       |     2 |     2 ||     4
 Stab: Held in net/web   |       |     2 |     2 ||     4
Armor: Leather armour    |    26 |     6 |       ||    32
       Ring mail         |    24 |    88 |    24 ||   136
       Plate armour      |       |       |   105 ||   105
Dodge: Dodged            |    91 |   196 |   117 ||   404

Table legend: (Time is in decaauts)
 A = Elapsed time spent in this place.
 B = Non-inter-level travel time spent in this place.
 C = Inter-level travel time spent in this place.
 D = Time resting spent in this place.
 E = Time spent auto-exploring this place.
 F = Levels seen in this place.
 G = Mean time per level.
                   A        B        C        D        E       F      G
               +--------+--------+--------+--------+--------+-----+--------+
         Total |   9346 |   9093 |    253 |   2839 |   4538 |  10 |  934.6 |
       Dungeon |   7693 |   7440 |    253 |   1998 |   4097 |   8 |  961.6 |
         Sewer |   1261 |   1261 |      0 |    716 |    320 |   1 | 1261.0 |
       Ossuary |    391 |    391 |      0 |    125 |    121 |   1 |  391.0 |
               +--------+--------+--------+--------+--------+-----+--------+

Top non-repeatable levels by time:
     D:7: 1532 daAuts
     D:5: 1451 daAuts
     D:6: 1369 daAuts
   Sewer: 1261 daAuts
     D:3: 1040 daAuts
     D:1: 819 daAuts
     D:2: 712 daAuts
     D:4: 661 daAuts
 Ossuary: 391 daAuts
     D:8: 107 daAuts
